 Dungeon Crawl Stone Soup version 0.31-a0-369-g8eba5f6939 (webtiles) character file.

Game seed: 6670019402735201063

96 Newt the Shooter (level 4, 0/31 HPs)
             Began as a Kobold Hunter on July 28, 2023.
             Slain by Maggie
             ... wielding a +0 war axe
              (10 damage)
             ... on level 6 of the Dungeon.
             The game lasted 00:02:25 (1608 turns).

Newt the Shooter (Kobold Hunter)                    Turns: 1608, Time: 00:02:25

Health: 0/31       AC:  3    Str:  8    XL:     4   Next: 98%
Magic:  4/4        EV: 14    Int: 10    God:
Gold:   76         SH:  0    Dex: 20    Spells: 3/3 levels left

rFire   . . .        a - +0 shortbow
rCold   . . .        (shield currently unavailable)
rNeg    . . .        c - +0 leather armour
rPois   .            (no helmet)
rElec   .            (no cloak)
rCorr   .            (no gloves)
SInv    .            (no boots)
Will    .....        (no amulet)
Stlth   +++          (no ring)
HPRegen 0.25/turn    (no ring)
MPRegen 0.09/turn

%: no passive effects
@: mesmerised
A: small, no large weapons, nightstalker 3
a: no special abilities


You were on level 6 of the Dungeon.
You visited 1 branch of the dungeon, and saw 4 of its levels.

You collected 102 gold pieces.
You spent 26 gold pieces at shops.

Inventory:

Hand Weapons
 a - a +0 shortbow (weapon)
Armour
 c - a +0 leather armour (worn)
Jewellery
 h - a ring of magical power
Wands
 i - a wand of mindburst (8)
Scrolls
 b - 2 scrolls of butterflies
 e - a scroll of amnesia
 j - 3 scrolls of torment
 k - a scroll of identify
Potions
 d - a potion of degeneration


   Skills:
 - Level 5.0 Fighting
 + Level 5.6 Ranged Weapons
 - Level 2.4 Dodging
 - Level 1.3 Stealth


You had 3 spell levels left.
You didn't know any spells.
Your spell library contained the following spells:

 Spells                   Type           Power      Damage    Failure   Level
 Blink                    Tloc           0%         N/A       63%         2
 Lesser Beckoning         Tloc           0%         N/A       63%         2
 Momentum Strike          Conj/Tloc      0%         3d8       63%         2
 Dazzling Flash           Conj/Hex       0%         N/A       86%         3
 Volatile Blastmotes      Fire/Tloc      0%         2d10      86%         3
 Starburst                Conj/Fire      0%         6d3       100%        6
 Maxwell's Capacitive Co  Air            0%         ∞         100%        8


Dungeon Overview and Level Annotations

Branches:
Dungeon (3/15)

Altars:

Shops:
D:1 ?([?!

Annotations:
D:6 Maggie


Innate Abilities, Weirdness & Mutations

You are small and have problems with some larger weapons.
You are completely attuned to the shadows.


Message History

Maggie casts a spell.
Maggie draws you further into her thrall.
You shoot an arrow. The arrow barely misses Maggie.
You hear the slow hiss of a very distant avalanche of sand.
Maggie barely misses you.
You shoot an arrow. The arrow hits Maggie.
Maggie is lightly wounded.
Maggie smiles, but it's obviously fake.
Maggie barely misses you.
You shoot an arrow. The arrow hits Maggie.
Maggie is moderately wounded.
Maggie hits you but does no damage.
You shoot an arrow. The arrow barely misses Maggie.
Maggie casts a spell.
Maggie draws you further into her thrall.
Maggie hits you with a +0 war axe.
You shoot an arrow. The arrow hits Maggie!
Maggie is moderately wounded.
Maggie closely misses you.
You shoot an arrow. The arrow hits Maggie.
Maggie is heavily wounded.
Maggie misses you.
You shoot an arrow. The arrow barely misses Maggie.
Maggie hits you with a +0 war axe!
You are too injured to fight recklessly!
It was a potion of curing.
You feel better. Maggie barely misses you.
You shoot an arrow.
The arrow hits Maggie but does no damage.
Maggie is heavily wounded.
Maggie gestures wildly while chanting.
Maggie draws you further into her thrall.
You shoot an arrow. The arrow hits Maggie.
Maggie is heavily wounded.
Maggie hits you with a +0 war axe.
You shoot an arrow. The arrow hits Maggie!
Maggie is severely wounded.
Maggie closely misses you. Maggie hits you with a +0 war axe!
You shoot an arrow. The arrow barely misses Maggie.
Maggie hits you with a +0 war axe!
You die...

......##
.......
#....#
#....#
#....# ..
#.#..#
....#.##@#
....#.##@#
...#.#..#
#####.#..#
#.....#..#
#.#####..#
#.# ....
## #.## .#
###..##


You could see Maggie (mesmerising).

Vanquished Creatures
  3 adders (D:2)
  2 dart slugs
  3 worms (D:2)
  5 endoplasms
  6 goblins
  4 hobgoblins
  8 jackals
  2 quokkas (D:1)
  9 ball pythons
  5 bats (D:2)
  3 kobolds (D:1)
  3 rats (D:2)
53 creatures vanquished.

Notes
Turn   | Place    | Note
-------+----------+-------------------------------------------
     0 | D:1      | Newt the Kobold Hunter began the quest for the Orb.
     0 | D:1      | Reached XP level 1. HP: 12/12 MP: 1/1
    77 | D:1      | Reached XP level 2. HP: 18/18 MP: 2/2
   127 | D:1      | Found Gyafecku's Distillery.
   158 | D:1      | Found Guneykh's Magic Scroll Boutique.
   233 | D:1      | Reached XP level 3. HP: 18/24 MP: 3/3
   352 | D:1      | Found Rureo's Antique Armour Boutique.
   383 | D:1      | Found Fakhlaet's Weapon Shoppe.
   433 | D:1      | Found Biujet's Magic Scroll Shop.
   441 | D:1      | Bought a scroll of identify for 26 gold pieces
   883 | D:2      | Reached XP level 4. HP: 27/30 MP: 4/4
  1213 | D:2      | Reached skill level 5 in Fighting
  1548 | D:3      | You fall into a shaft and drop 3 floors!
  1587 | D:6      | Noticed Maggie
  1608 | D:6      | Slain by Maggie

Illustrated notes

Levels and vault maps discovered:
D:1:      saegor_arrival_miasma, layout_basic, serial_shops, nicolae_shop_stone,
          nicolae_shop_advertising_works [nicolae_subvault_shop_adworks], shop,
          shop, nicolae_shop_real_fake_doors
D:2:      layout_loops_ring
D:3:      kb_forest_paths, layout_basic, general_overflow_altar, feat_on_display
D:6:      layout_gridville, old_standard_altar, okawaru_ov_weapons_minmay,
          serial_co_window_serial, co_window_cross_1, co_window_cross_1,
          co_window_paths_a, co_window_of_opportunity_a, co_window_cross_1,
          co_window_paths_b, co_window_corner_a, co_window_corner_b,
          co_window_cross_3, co_window_broadway_c, co_window_of_opportunity_b,
          co_window_broadway_b, glass_columns_b, glass_columns_c,
          enter_ossuary_2, minmay_misc_feat_tiny, lightli_corner_chamber,
          uniq_maggie

Skill      XL: |  1  2  3  4 |
---------------+-------------+-----
Fighting       | 3 4 5 |  5.0
Ranged Weapons | |  5.6
Dodging        | |  2.4
Stealth        | |  1.3

Action                     |  1- 3 |  4- 6 || total
---------------------------+-------+-------++-------
   Fire: Shortbow          |    82 |    73 ||   155
    Use: Scroll            |     2 |     2 ||     4
         Potion            |     1 |     1 ||     2
 Armour: Leather armour    |     7 |     3 ||    10
  Dodge: Dodged            |    28 |    35 ||    63

Table legend: (Time is in decaauts)
 A = Elapsed time spent in this place.
 B = Non-inter-level travel time spent in this place.
 C = Inter-level travel time spent in this place.
 D = Time resting spent in this place.
 E = Time spent auto-exploring this place.
 F = Levels seen in this place.
 G = Mean time per level.
                   A        B        C        D        E       F      G
               +--------+--------+--------+--------+--------+-----+--------+
         Total |   1637 |   1587 |     50 |      0 |   1302 |   4 |  409.2 |
       Dungeon |   1637 |   1587 |     50 |      0 |   1302 |   4 |  409.2 |
               +--------+--------+--------+--------+--------+-----+--------+

Top non-repeatable levels by time:
     D:1: 790 daAuts
     D:2: 758 daAuts
     D:6: 62 daAuts
     D:3: 24 daAuts
